AoeStats
← noobsriram

Black Forest

509676723Analyzed
4v4 RM · 4d ago on Sep 27, 2026· 37m 38s· 8 players
Game mode
Random Map
Map size
Large (8 player)
Population
200
Speed
Normal
Resources
Standard
Victory
Conquest
Starting age
Dark Age
Ending age
Imperial Age
RankedLock teamsTeams togetherTeam positionsShared explorationLock speedFull tech treeHidden civsTurbo modeCheats
Victory
Defeat
🇦🇫 Romans · Afghanistan
1142
+16
🇭🇺 Persians · Hungary
1139
+16
🇮🇳 Goths · India
1111
+17
1106
+17
🇵🇪 Georgians · Peru
1142
-17
🇺🇸 Sicilians · United States
1136
-17
🇦🇷 Mongols · Argentina
1127
-16
🇨🇴 Turks · Colombia
1124
-16
Empire
3:09 Loom
11:47 Feudal Age
12:30 Horse Collar
16:32 Castle Age
14:57 Double-Bit Axe
15:18 Horse Collar
21:43 Heavy Plow
22:25 Wheelbarrow
22:19 Bow Saw
23:09 Gold Mining
24:23 Hand Cart
26:16 Squires
26:01 Gambesons
26:32 Scale Mail Armor
26:43 Forging
29:54 Imperial Age
28:03 Caravan
28:57 Iron Casting
29:38 Heavy Plow
30:41 Chain Mail Armor
30:17 Fletching
30:09 Capped Ram
31:07 Guilds
31:29 Elite Serjeant
33:13 Plate Mail Armor
33:49 First Crusade
35:04 Blast Furnace
37:31 Ballistics
Kriptico
2:30 Loom
13:10 Feudal Age
17:13 Castle Age
22:23 Imperial Age
20:05 Double-Bit Axe
22:09 Gold Mining
22:32 Bow Saw
MACS-X
0:36 Loom
14:37 Feudal Age
18:43 Castle Age
17:40 Double-Bit Axe
17:37 Horse Collar
20:18 Wheelbarrow
21:01 Bow Saw
20:47 Fishing Lines
24:30 Gillnets
25:38 Gold Mining
25:50 Heavy Plow
26:43 Stone Mining
29:51 Stone Shaft Mining
32:44 Imperial Age
30:42 Scale Barding Armor
30:47 Forging
31:20 Forging
33:14 Chain Barding Armor
33:30 Iron Casting
34:18 Ballistics
34:18 Bloodlines
34:09 Husbandry
33:44 Elite Monaspa
35:17 Conscription
35:59 Plate Barding Armor
36:25 Blast Furnace
36:22 Block Printing
GonzaloMig
2:29 Loom
16:19 Feudal Age
17:00 Horse Collar
17:10 Double-Bit Axe
18:20 Wheelbarrow
17:31 Town Watch
22:03 Castle Age
21:06 Gold Mining
22:18 Fletching
32:56 Heavy Plow
33:34 Fortified Wall
34:39 Bow Saw
35:45 Masonry
37:43 Hand Cart
Doppinger
3:44 Loom
11:42 Feudal Age
12:22 Double-Bit Axe
12:23 Horse Collar
16:40 Wheelbarrow
19:29 Castle Age
21:53 Hand Cart
23:04 Bow Saw
24:30 Heavy Plow
26:18 Forging
28:20 Bloodlines
29:10 Iron Casting
29:16 Husbandry
29:34 Scale Barding Armor
30:08 Town Watch
34:26 Imperial Age
32:19 Ballistics
31:55 Murder Holes
32:11 Masonry
31:54 Fletching
33:16 Bodkin Arrow
34:07 Chain Barding Armor
34:05 Caravan
34:05 Capped Ram
35:15 Stone Mining
35:15 Gold Mining
36:31 Chemistry
36:02 Architecture
34:56 Cavalier
36:39 Blast Furnace
36:03 Conscription
35:09 Siege Ram
36:18 Elite War Elephant
38:50 Hoardings
noobsriram
4:05 Loom
12:31 Feudal Age
18:06 Castle Age
16:26 Horse Collar
16:42 Double-Bit Axe
20:12 Gold Mining
21:34 Wheelbarrow
26:41 Wheelbarrow
25:51 Town Watch
31:25 Imperial Age
28:58 Scale Mail Armor
29:08 Forging
31:07 Hand Cart
31:58 Bow Saw
32:48 Capped Ram
35:06 Siege Ram
36:04 Chain Mail Armor
36:24 Iron Casting
36:41 Fortified Wall
k-otic
0:28 Loom
12:12 Feudal Age
19:52 Castle Age
18:04 Double-Bit Axe
19:13 Horse Collar
20:07 Fishing Lines
22:05 Bloodlines
26:48 Gold Mining
32:28 Imperial Age
30:06 Man-at-Arms
31:00 Scale Mail Armor
31:11 Forging
32:03 Heavy Plow
32:26 Chain Mail Armor
31:38 Long Swordsman
32:26 Squires
33:24 Two-Handed Swordsman
34:47 Conscription
35:07 Iron Casting
35:33 Perfusion
37:36 Bow Saw
37:26 Stone Mining
38:47 Blast Furnace
fuwafuwano ohimesama
0:31 Loom
13:13 Feudal Age
14:19 Double-Bit Axe
14:15 Horse Collar
20:20 Castle Age
21:12 Fishing Lines
21:46 Bow Saw
21:37 Heavy Plow
24:52 Wheelbarrow
24:05 Town Watch
25:32 Gillnets
26:14 Gold Mining
27:50 Gold Shaft Mining
31:15 Imperial Age
29:47 Hand Cart
30:42 Ballistics
30:34 Masonry
33:00 Two-Man Saw
32:24 Conscription
32:04 Torsion Engines
33:08 Chemistry
32:55 Town Patrol
33:19 Siege Engineers
33:35 Heavy Scorpion
35:00 Masonry
Connection lost

Rejoining the realm…

Still unreachable

The connection could not be restored.

Session expired

The server has moved on; the page needs a fresh start.